 Dungeon Crawl Stone Soup version 0.23.0 (webtiles) character file.

Game seed: 12844024384135917638

51 Wolly the Caller (level 3, 0/25 HPs)
             Began as a Gnoll Summoner on Feb 11, 2019.
             Was an Initiate of Okawaru.
             Slain by Natasha (9 damage)
             ... on level 2 of the Dungeon.
             The game lasted 00:03:23 (2079 turns).

Wolly the Caller (Gnoll Summoner)                   Turns: 2079, Time: 00:03:23

Health: 0/25       AC:  2    Str: 10    XL:     3   Next: 83%
Magic:  7/9        EV: 14    Int: 18    God:    Okawaru [......]
Gold:   93         SH:  0    Dex: 15    Spells: 6/12 levels left

rFire    . . .     SeeInvis .   h - +0 hand axe (elec)
rCold    . . .     Gourm    .   (no shield)
rNeg     . . .     Faith    .   a - +0 robe
rPois    .         Spirit   .   (no helmet)
rElec    .         Reflect  .   (no cloak)
rCorr    .         Harm     .   (no gloves)
MR       .....                  (no boots)
Stlth    +++.......             (no amulet)
HPRegen  0.08/turn              (no ring)
MPRegen  0.11/turn              (no ring)

@: no status effects
A: distributed training, fangs 1, strong nose
a: Renounce Religion


You were on level 2 of the Dungeon.
You worshipped Okawaru.
Okawaru was noncommittal.
You were not hungry.

You visited 1 branch of the dungeon, and saw 2 of its levels.

You collected 93 gold pieces.

Inventory:

Hand Weapons
 h - a +0 hand axe of electrocution (weapon)
   (You found it on level 2 of the Dungeon)
Armour
 a - a +0 robe (worn)
Scrolls
 d - 2 scrolls of identify {unknown}
Potions
 e - 2 potions of resistance {unknown}
 f - a potion of flight {unknown}
 g - a potion of curing {unknown}
Comestibles
 b - a chunk of flesh
 c - 3 rations {!d}


   Skills:
 + Level 0.9 Fighting
 + Level 0.9 Short Blades
 + Level 0.9 Long Blades
 + Level 0.9 Axes
 + Level 0.9 Maces & Flails
 + Level 0.9 Polearms
 + Level 0.9 Staves
 + Level 0.9 Slings
 + Level 0.9 Bows
 + Level 0.9 Crossbows
 + Level 0.9 Throwing
 + Level 0.9 Armour
 + Level 4.5 Dodging
 + Level 4.2 Stealth
 + Level 0.9 Shields
 + Level 0.9 Unarmed Combat
 + Level 5.0 Spellcasting
 + Level 0.6 Conjurations
 + Level 0.6 Hexes
 + Level 0.6 Charms
 + Level 7.1 Summonings
 + Level 0.6 Necromancy
 + Level 0.6 Translocations
 + Level 0.6 Transmutations
 + Level 0.6 Fire Magic
 + Level 0.6 Ice Magic
 + Level 0.6 Air Magic
 + Level 0.6 Earth Magic
 + Level 0.6 Poison Magic
 + Level 1.0 Invocations
 + Level 0.9 Evocations


You had 6 spell levels left.
You knew the following spells:

 Your Spells              Type           Power        Failure   Level  Hunger
a - Summon Small Mammal   Summ           ####         1%          1    None
b - Call Imp              Summ           ####....     1%          2    #......
c - Call Canine Familiar  Summ           ####....     2%          3    ##.....

Your spell library contained the following spells:

 Spells                   Type           Power        Failure   Level  Hunger
 Summon Guardian Golem    Hex/Summ       ###.....     9%          3    ##.....
 Summon Ice Beast         Ice/Summ       ###.....     26%         4    ####...
 Summon Lightning Spire   Summ/Air       ###.....     26%         4    ####...


Dungeon Overview and Level Annotations

Branches:
Dungeon (2/15)

Altars:
Okawaru

Annotations:
D:2 Natasha


Innate Abilities, Weirdness & Mutations

Your experience applies equally to all skills.
You have very sharp teeth.
Your uncanny sense of smell can sniff out nearby items.


Message History

An adder comes into view.
A beastly little devil appears in a puff of flame.
The adder hisses angrily.
You closely miss the adder. The adder barely misses you.
You closely miss the adder. The adder closely misses you. The adder bites you.
You are poisoned.
The adder poisons you!
You slash the adder! Lightning courses through the adder!
You kill the adder!
Okawaru accepts your kill.
You feel sick.
No target in view!
No target in view!
You feel sick.
You see here an adder corpse.
You butcher the adder corpse.
b - 3 chunks of flesh (gained 1)
You see here an adder skeleton.
Your crimson imp blinks!
You start resting.
You feel sick. x2
You start resting.
You feel sick. x2
You are no longer poisoned.
You swap places.
c - 3 rations {!d} (gained 1)
You swap places.
You swap places.
Your white imp disappears in a puff of smoke!
Some of the chunks of flesh in your inventory have rotted away.
You swap places.
You swap places.
Natasha, Servant of Life and Death comes into view.
She is carrying a wand of random effects (14).
Natasha hisses angrily.
Natasha stares at you and mumbles some strange words.
You resist with significant effort.
Your crimson imp blinks!
Natasha stares at you and mumbles some strange words.
The magic dart hits you.
You closely miss Natasha. Natasha barely misses you.
You hit Natasha but do no damage. You bite Natasha, but do no damage.
Natasha mumbles some strange words.
A beastly little devil appears in a puff of flame.
Natasha claws you. The white imp barely misses you.
You hit Natasha. You hit the white imp.
Natasha mumbles some strange words.
The white imp hits you. The white imp freezes you.
* * * LOW HITPOINT WARNING * * *
Your crimson imp hits Natasha but does no damage.
Natasha claws you!
You die...

#.##....# ##...####..# #.####..#
#.### ##.# #.####..# #.# #..
#.......# ####### #.# ##.
######.## #.....# #.# #. ###.#
#.....# #. ####. #...# #.....#
#.#####.... #.#### #..h..#
#....##.### ###....# #..5@5#
#.......##. #......#####5###
#.......#.. #........###.#
#.......#.. #..........5.#
##...#..... #........#######
##.###.#..
####.##...#.......#######†# #.#..
..##.##.>.#..#.<.....÷....# #.##.
#.##..............###########.###
.....#######.##.#.# <.........


You could see Natasha, a crimson imp, a white imp and 2 friendly crimson imps.

Vanquished Creatures
  2 adders (D:2)
  A worm (D:2)
  A leopard gecko (D:1)
  3 giant cockroaches
  4 goblins
  A hobgoblin (D:1)
  3 kobolds (D:2)
  A bat (D:1)
  A frilled lizard (D:2)
  2 rats (D:1)
19 creatures vanquished.

Vanquished Creatures (collateral kills)
  An adder (D:2)
  A leopard gecko (D:1)
  A ball python (D:1)
  3 goblins (D:1)
  4 kobolds (D:1)
  2 rats
12 creatures vanquished.

Grand Total: 31 creatures vanquished

Notes
Turn   | Place    | Note
-------+----------+-------------------------------------------
     0 | D:1      | Wolly the Gnoll Summoner began the quest for the Orb.
     0 | D:1      | Reached XP level 1. HP: 13/13 MP: 6/6
   449 | D:1      | Reached XP level 2. HP: 19/19 MP: 7/7
   568 | D:1      | Learned a level 2 spell: Call Imp
  1592 | D:2      | Found an iron altar of Okawaru.
  1600 | D:2      | Became a worshipper of Warmaster Okawaru
  1605 | D:2      | Reached XP level 3. HP: 24/25 MP: 6/9
  1621 | D:2      | Reached skill level 5 in Spellcasting
  1775 | D:2      | Reached skill level 1 in Invocations
  1792 | D:2      | Learned a level 3 spell: Call Canine Familiar
  2072 | D:2      | Noticed Natasha
  2079 | D:2      | Slain by Natasha

Skill      XL: |  1  2  3 |
---------------+----------+-----
Spellcasting   | 5 |  5.0
Invocations    | 1 |  1.0
Fighting       | |  0.9
Short Blades   | |  0.9
Long Blades    | |  0.9
Axes           | |  0.9
Maces & Flails | |  0.9
Polearms       | |  0.9
Staves         | |  0.9
Slings         | |  0.9
Bows           | |  0.9
Crossbows      | |  0.9
Throwing       | |  0.9
Armour         | |  0.9
Dodging        | |  4.5
Stealth        | |  4.2
Shields        | |  0.9
Unarmed Combat | |  0.9
Conjurations   | |  0.6
Hexes          | |  0.6
Charms         | |  0.6
Summonings     | |  7.1
Necromancy     | |  0.6
Translocations | |  0.6
Transmutations | |  0.6
Fire Magic     | |  0.6
Ice Magic      | |  0.6
Air Magic      | |  0.6
Earth Magic    | |  0.6
Poison Magic   | |  0.6
Evocations     | |  0.9

Action                   || total
-------------------------++-------
Melee: Club              ||    48
       Unarmed           ||    15
       Bite              ||     4
       Short sword       ||    14
       Hand axe          ||    13
 Cast: Summon Small Mamm ||     7
       Call Imp          ||    17
 Stab: Sleeping          ||     5
  Eat: Chunk             ||     4
Armor: Robe              ||     9
Dodge: Dodged            ||    83
